Map: 카탈리스트 - 래더

Players

Zest - Winner!

  • Race: Protoss Protoss
  • League: Master
  • Spawn Location: 5:00

aLive

  • Race: Terran Terran
  • League: Master
  • Spawn Location: 11:00

VOD

Have the link to the VOD?

Description

Time

  • Played on: April 3, 2018, 6:59 a.m.
  • Length: 8:09
Show
View Real Time Build Order
Export as new Build Order

Zest Protoss - Winner!

Build Orders: 1 Gate Expand, Blink Stalkers 

Get SALT Encoding   

  12  0:00  Probe  
  13  0:12  Probe  
  14  0:18  Pylon  
  14  0:25  Probe (Chrono Boost)  
  15  0:37  Probe (Chrono Boost)  
  15  0:38  Gateway  
  16  0:45  Probe (Chrono Boost)  
  16  0:47  Assimilator  
  17  0:51  Probe  
  18  1:03  Probe  
  19  1:15  Probe  
  20  1:23  Nexus  
  20  1:34  Cybernetics Core  
  20  1:37  Probe  
  21  1:42  Assimilator  
  21  1:50  Probe  
  21  1:52  Pylon  
  22  2:02  Probe  
  23  2:08  Adept (Chrono Boost)  
  23  2:11  Warp Gate  
  23  2:14  Probe  
  26  2:19  Twilight Council  
  26  2:26  Probe  
  26  2:28  Stalker (Chrono Boost)  
  27  2:36  Probe  
  30  2:38  Probe  
  31  2:47  Blink (Chrono Boost)  
  31  2:48  Probe  
  31  2:50  Probe  
  33  3:00  Probe  
  33  3:02  Probe  
  35  3:06  Stalker  
  37  3:18  Probe  
  38  3:25  Gateway x2, Probe  
  38  3:30  Probe  
  39  3:35  Robotics Facility  
  39  3:37  Probe  
  40  3:42  Probe  
  40  3:45  Pylon  
  41  3:50  Probe  
  41  3:54  Probe  
  43  4:02  Probe  
  44  4:04  Nexus  
  44  4:08  Pylon  
  44  4:20  Stalker  
  44  4:21  Stalker x2  
  44  4:22  Observer (Chrono Boost)  
  51  4:26  Pylon  
  51  4:27  Probe  
  51  4:28  Probe  
  53  4:36  Observer (Chrono Boost), Assimilator  
  53  4:37  Pylon  
  54  4:39  Probe  
  54  4:40  Probe  
  54  5:00  Probe x2  
  56  5:09  Forge  
  56  5:10  Forge  
  56  5:12  Probe x2  
  58  5:16  Probe  
  58  5:18  Observer  
  58  5:20  Charge  
  60  5:24  Probe x2  
  62  5:38  Protoss Ground Weapons Level 1 (Chrono Boost), Protoss Ground Armor Level 1 (Chrono Boost)  
  62  5:39  Gateway  
  62  5:40  Gateway x2, Observer  
  62  5:46  Gateway, Observer  
  62  5:48  Gateway  
  62  5:57  Immortal  
  62  6:02  Probe  
  62  6:03  Probe x2  
  62  6:04  Sentry, Zealot  
  71  6:10  Pylon  
  73  6:15  Probe x2  
  73  6:18  Probe  
  76  6:25  Pylon  
  76  6:27  Probe x2  
  76  6:28  Observer  
  76  6:30  Probe  
  79  6:33  Zealot x4  
  79  6:34  Immortal (Chrono Boost)  
  79  6:39  Pylon  
  91  6:53  Zealot  
  91  6:54  Zealot x5  
  103  7:03  Immortal (Chrono Boost), Zealot x2  
  111  7:11  Pylon  
  111  7:12  Pylon  
  111  7:23  Pylon  
  111  7:37  Stalker x8  
  93  8:05  Zealot x6  
  93  8:06  Zealot x2  
Show
View Real Time Build Order
Export as new Build Order

aLive Terran 

Build Orders: Reaper Expand, MMM Bio 

Get SALT Encoding   

  12  0:00  SCV  
  13  0:13  SCV  
  14  0:17  Supply Depot  
  14  0:25  SCV  
  15  0:38  SCV  
  15  0:39  Barracks  
  16  0:44  Refinery  
  16  0:50  SCV  
  17  1:02  SCV  
  18  1:14  SCV  
  19  1:27  Reaper, Orbital Command  
  20  1:43  Command Center  
  20  1:52  SCV  
  21  1:59  Marine  
  22  2:01  Supply Depot  
  22  2:04  SCV  
  23  2:09  Factory  
  23  2:16  Refinery  
  23  2:21  Barracks Reactor  
  23  2:23  SCV  
  24  2:35  SCV  
  25  2:47  SCV  
  26  2:53  Starport  
  26  2:55  Widow Mine  
  28  2:59  SCV  
  28  3:04  Marine x2  
  31  3:08  Orbital Command  
  31  3:11  SCV  
  32  3:18  Widow Mine  
  34  3:22  Marine  
  34  3:23  Marine  
  34  3:25  SCV  
  35  3:30  Medivac  
  35  3:32  Barracks  
  35  3:34  SCV  
  38  3:37  SCV  
  39  3:42  Widow Mine  
  39  3:44  Marine x2  
  39  3:46  SCV  
  44  3:49  SCV  
  44  3:51  Supply Depot  
  45  4:01  Starport Tech Lab  
  45  4:05  Barracks, Factory Tech Lab  
  45  4:06  SCV  
  46  4:13  Supply Depot, SCV  
  46  4:17  Supply Depot  
  47  4:18  SCV  
  47  4:20  Raven  
  47  4:21  Marine x2  
  47  4:23  Marine  
  53  4:25  SCV  
  54  4:35  Siege Tank, Refinery  
  54  4:36  SCV, Refinery  
  54  4:37  SCV  
  59  4:43  Engineering Bay  
  59  4:48  SCV  
  59  4:49  SCV  
  55  5:00  SCV  
  55  5:01  SCV  
  55  5:03  Barracks Tech Lab  
  55  5:10  Terran Infantry Weapons Level 1  
  55  5:12  SCV, Starport Reactor  
  55  5:14  SCV  
  57  5:16  Barracks  
  57  5:17  Marine x2  
  57  5:18  Marine  
  57  5:19  Barracks, Stimpack  
  60  5:23  Marine  
  60  5:25  Supply Depot  
  60  5:26  SCV x2  
  63  5:30  Siege Tank  
  63  5:32  Supply Depot  
  66  5:39  SCV x2  
  68  5:46  Supply Depot  
  68  5:47  Supply Depot  
  68  5:49  Combat Shields  
  68  5:55  Marine x4  
  74  6:01  Medivac x2  
  76  6:07  Barracks Tech Lab, Barracks Reactor  
  76  6:09  Supply Depot  
  76  6:12  Siege Tank  
  76  6:17  Supply Depot  
  79  6:21  Marine  
  79  6:22  Marauder, Marine  
  79  6:23  Marauder  
  84  6:25  Concussive Shells  
  84  6:26  Marauder  
  84  6:31  Supply Depot  
  86  6:39  Marine  
  86  6:40  Marine  
  86  6:42  Supply Depot  
  86  6:44  Marauder x2  
  92  6:47  Marauder  
  92  6:52  Siege Tank, Marine x2  
  99  6:56  Supply Depot  
  99  6:59  Marine x2  
  101  7:04  Medivac x2  
  101  7:06  Supply Depot  
  101  7:08  Marauder x2  
  108  7:09  Marauder  
  108  7:13  Marine x2  
  112  7:17  Marine x2  
  112  7:29  Widow Mine  
  104  7:47  Marine x3  
  104  7:48  Marauder  
Tags
 
Add a new tag
Caveats
  • Supply blocks, unpowered buildings, or Contaminate may cause inaccurate times.
  • Supply counts are checked every 10 seconds.